 Dungeon Crawl Stone Soup version 0.28.0-45-g0d030f2227 (webtiles) character file.

Game seed: 3870392870320665564

240 NinjaNoafa the Covered (level 5, 0/47 HPs)
             Began as a Minotaur Fighter on Apr 6, 2022.
             Was an Initiate of Nemelex Xobeh.
             Slain by a phantom (8 damage)
             ... on level 4 of the Dungeon.
             The game lasted 00:08:27 (2523 turns).

NinjaNoafa the Covered (Minotaur Fighter)           Turns: 2523, Time: 00:08:27

Health: 0/47       AC:  8    Str: 24    XL:     5   Next: 79%
Magic:  4/4        EV:  9    Int:  5    God:    Nemelex Xobeh [......]
Gold:   171        SH:  4    Dex: 10    Spells: 4/4 levels left

rFire   . . .      SeeInvis .   t - +2 rapier (chaos)
rCold   . . .      Faith    .   c - +0 buckler
rNeg    . . .      Spirit   .   b - +0 scale mail
rPois   +          Reflect  .   (helmet restricted)
rElec   .          Harm     .   f - +0 cloak
rCorr   .          Rampage  .   (no gloves)
Will    .....                   (no boots)
Stlth   ..........              (no amulet)
HPRegen 0.15/turn               (no ring)
MPRegen 0.09/turn               (no ring)

@: no status effects
A: horns 2, retaliatory headbutt, poison resistance, strong 1, wild magic 1
a: Renounce Religion, Draw Escape, Draw Destruction, Draw Summoning


You were on level 4 of the Dungeon.
You worshipped Nemelex Xobeh.
Nemelex Xobeh was noncommittal.
You visited 1 branch of the dungeon, and saw 4 of its levels.

You collected 171 gold pieces.

Inventory:

Hand Weapons
 a - a +0 long sword
 h - a +1 short sword of venom
 s - a +1 dagger of chaos
 t - a +2 rapier of chaos (weapon)
Missiles
 i - 5 atropa-tipped darts
 j - 5 boomerangs (quivered)
Armour
 b - a +0 scale mail (worn)
 c - a +0 buckler (worn)
 f - a +0 cloak (worn)
Magical Staves
 g - a staff of death
 p - a staff of poison
Scrolls
 n - a scroll of immolation {unknown}
 q - a scroll of vulnerability {unknown}
 r - a scroll of enchant weapon {unknown}
Potions
 d - a potion of curing
 e - a potion of mutation
 k - a potion of resistance {unknown}
 l - 2 potions of cancellation {unknown}
 m - a potion of haste {unknown}
 o - a potion of degeneration {unknown}


   Skills:
 + Level 4.6 Fighting
 + Level 2.7(3.2) Short Blades
 - Level 2.7(3.4) Long Blades
 + Level 5.3 Armour
 + Level 4.6 Shields
 * Level 1.3 Invocations


You had 4 spell levels left.
You didn't know any spells.
Your spell library was empty.

Dungeon Overview and Level Annotations

Branches:
Dungeon (4/15)
 Temple: D:4-7

Altars:
Ashenzari
Elyvilon
Nemelex Xobeh
Okawaru
Vehumet
Xom


Innate Abilities, Weirdness & Mutations

You have a pair of horns on your head.
You reflexively headbutt those who attack you in melee.
Your system is resistant to poisons. (rPois)
Your muscles are strong. (Str +2)
Your spells are a little harder to cast, but a little more powerful.


Message History

The phantom hits you. The phantom hits you!
The phantom blinks!
You blink.
You hit the phantom. You burn the phantom.
The phantom is heavily damaged.
The phantom closely misses you.
You barely miss the phantom.
The phantom is heavily damaged.
The phantom closely misses you. The phantom barely misses you.
You furiously retaliate!
You headbutt the phantom. You miss the phantom.
The phantom is severely damaged.
The phantom hits you but does no damage.
The phantom hits you.
You miss the phantom.
The phantom is severely damaged.
The phantom hits you but does no damage.
You block the phantom's attack.
You closely miss the phantom. Your headbutt misses the phantom.
The phantom is severely damaged.
The phantom hits you!
You barely miss the phantom. You headbutt the phantom.
The phantom is severely damaged.
The phantom hits you but does no damage.
You block the phantom's attack.
You hit the phantom. You burn the phantom. Your headbutt misses the phantom.
The phantom is almost destroyed.
The phantom hits you!
The phantom blinks!
You blink.
The phantom barely misses you.
You hit the phantom. You burn the phantom.
The phantom is almost destroyed.
The phantom hits you.
Hit: t) +2 rapier (chaos)
Press: ? - help, Dir - move target, f - phantom
Aim: a phantom (almost destroyed, fast, about 46% to evade your +2 rapier of chaos)
You closely miss the phantom. Your headbutt misses the phantom.
The phantom is almost destroyed.
The phantom hits you!
* * * LOW HITPOINT WARNING * * *
The phantom blinks!
You blink.
The phantom hits you!
You die...
Your body disappears without a glow.

# ### # #.# #### ...
#... #.# #.#. #.#
#.#. #@# #.#. #W#
###.## #.# #.....
#.# ###.##
#.#############.##
#ยงยง...>.........##
#..###############
##.# # #.# #


You could see a phantom (fast).

Vanquished Creatures
  A howler monkey (D:2)
  4 adders
  8 gnolls
  An adder skeleton (D:4)
  2 worms (D:2)
  3 dart slugs
  4 orcs (D:3)
  4 endoplasms
  2 giant cockroaches
  3 goblins
  4 hobgoblins
  4 jackals
  12 kobolds
  3 quokkas
  5 ball pythons
  7 bats
  4 frilled lizards
  3 rats
74 creatures vanquished.

Notes
Turn   | Place    | Note
-------+----------+-------------------------------------------
     0 | D:1      | NinjaNoafa the Minotaur Fighter began the quest for the
                  | Orb.
     0 | D:1      | Reached XP level 1. HP: 19/19 MP: 0/0
   161 | D:1      | Reached XP level 2. HP: 27/27 MP: 1/1
   256 | D:1      | Reached skill level 4 in Armour
   296 | D:1      | Gained mutation: Your muscles are strong. (Str +2) [potion
                  | of mutation]
   296 | D:1      | Gained mutation: Your spells are a little harder to cast,
                  | but a little more powerful. [potion of mutation]
   296 | D:1      | Gained mutation: Your system is resistant to poisons.
                  | (rPois) [potion of mutation]
   552 | D:2      | Noticed a howler monkey
   557 | D:2      | Killed a howler monkey
   558 | D:2      | Reached skill level 1 in Short Blades
   558 | D:2      | Reached XP level 3. HP: 22/33 MP: 2/2
   583 | D:2      | Reached XP level 4. HP: 10/40 MP: 3/3
  1181 | D:2      | Reached skill level 5 in Armour
  1237 | D:2      | Reached XP level 5. HP: 42/47 MP: 4/4
  1298 | D:2      | Found a white marble altar of Elyvilon.
  1705 | D:3      | Found a faded altar of an unknown god.
  1743 | D:3      | Found a radiant altar of Vehumet.
  1753 | D:3      | Found an iron altar of Okawaru.
  1802 | D:3      | Found a sparkling altar of Nemelex Xobeh.
  1841 | D:3      | Found a broken altar of Ashenzari.
  1858 | D:3      | Became a worshipper of Nemelex Xobeh the Trickster
  2068 | D:3      | Reached skill level 1 in Invocations
  2311 | D:4      | Found a large runed translucent door.
  2311 | D:4      | Found a large runed translucent door.
  2311 | D:4      | Found a shimmering altar of Xom.
  2511 | D:4      | Noticed a phantom
  2523 | D:4      | Slain by a phantom

Illustrated notes

Levels and vault maps discovered:
D:1:      mrwooster_arrival_statue, layout_rooms
D:2:      layout_basic, basic_altar
D:3:      layout_basic, mainiacjoe_overflow_catwalk_spiral,
          chequers_temple_overflow_statue_of_worship,
          ebering_ecumenical_altar_box
D:4:      due_chaos_kobolds, layout_loops_ring, gammafunk_temple_overflow_wave,
          serial_glass, glass_columns_b, glass_columns_b, item_on_display_a,
          due_unseen_surprise, minmay_strange_pillars, feat_on_display,
          kennysheep_generic_room_16

Skill      XL: |  1  2  3  4  5 |
---------------+----------------+-----
Armour         | 4 5 |  5.3
Fighting       | 4 |  4.6
Short Blades   | 1 2 |  2.7
Shields        | 4 |  4.6
Invocations    | 1 |  1.3
Long Blades    | |  2.7

Action                   |  1- 3 |  4- 6 || total
-------------------------+-------+-------++-------
Melee: Long sword        |    23 |       ||    23
       Headbutt          |     2 |    21 ||    23
       Short sword       |    16 |   111 ||   127
       Rapier            |       |    19 ||    19
Throw: Dart              |       |     1 ||     1
       Boomerang         |       |     1 ||     1
  Use: Potion            |     3 |     2 ||     5
       Scroll            |       |     1 ||     1
Armor: Scale mail        |    29 |    56 ||    85
Dodge: Dodged            |    29 |    55 ||    84
Block: Buckler           |    15 |    42 ||    57
